 Dungeon Crawl Stone Soup version 0.28.0-43-g3370ac3207 (webtiles) character file.

Game seed: 16232571640965947753

778 KamiKatze the Chopper (level 7, 0/59 HPs)
             Began as a Palentonga Fighter on Mar 22, 2022.
             Succumbed to a gnoll's poison
             ... on level 5 of the Dungeon.
             The game lasted 00:14:14 (4560 turns).

KamiKatze the Chopper (Palentonga Fighter)          Turns: 4560, Time: 00:14:14

Health: 0/59       AC: 13    Str: 21    XL:     7   Next: 54%
Magic:  11/16      EV:  7    Int:  8    God:
Gold:   165        SH:  5    Dex: 12    Spells: 4/6 levels left

rFire   . . .      SeeInvis +   a - +0 war axe
rCold   . . .      Faith    .   c - +0 buckler
rNeg    . . .      Spirit   +   b - +0 scale mail
rPois   .          Reflect  .   v - +0 helmet
rElec   .          Harm     .   (no cloak)
rCorr   .          Rampage  .   (no gloves)
Will    .....                   (no barding)
Stlth   ..........              r - amulet of guardian spirit
HPRegen 0.19/turn               e - +4 ring of protection
MPRegen 0.15/turn               z - ring of magical power

@: lethally poisoned (0 -> -21), flying
A: large, rugged brown scales 3, see invisible, deformed body, roll 1, armoured
tail, reflexive curl, iridescent scales 1, agile 1
a: Rolling Charge


You were on level 5 of the Dungeon.
You visited 2 branches of the dungeon, and saw 6 of its levels.

You collected 165 gold pieces.

Inventory:

Hand Weapons
 a - a +0 war axe (weapon)
Missiles
 g - 88 stones
 m - 6 poisoned darts (quivered)
Armour
 b - a +0 scale mail (worn)
 c - a +0 buckler (worn)
 v - a +0 helmet (worn)
 w - a +0 kite shield
Jewellery
 e - a +4 ring of protection (left hand)
 j - a +6 ring of intelligence
 q - a ring of wizardry
 r - an amulet of guardian spirit (around neck)
 z - a ring of magical power (right hand)
Scrolls
 h - 6 scrolls of identify {unknown}
 i - 3 scrolls of vulnerability {unknown}
 p - a scroll of silence {unknown}
 t - a scroll of fog {unknown}
 u - 2 scrolls of fear {unknown}
 x - a scroll of acquirement {unknown}
 y - a scroll of enchant weapon {unknown}
Potions
 d - 2 potions of might
 l - 2 potions of heal wounds {unknown}
 n - a potion of attraction {unknown}
 o - a potion of curing {unknown}
 s - a potion of haste {unknown}


   Skills:
 + Level 5.1 Fighting
 * Level 6.2 Axes
 - Level 2.4 Armour
 + Level 4.2 Shields


You had 4 spell levels left.
You knew the following spells:

 Your Spells              Type           Power      Damage    Failure   Level
x - Blink                 Tloc           0%         N/A       91%         2

Your spell library contained the following spells:

 Spells                   Type           Power      Damage    Failure   Level
 Lesser Beckoning         Tloc           0%         N/A       99%         3
 Portal Projectile        Hex/Tloc       0%         N/A       99%         3
 Blade Hands              Tmut           0%         N/A       100%        5
 Excruciating Wounds      Necr           0%         N/A       100%        5
 Manifold Assault         Tloc           0%         N/A       100%        5


Dungeon Overview and Level Annotations

Branches:
Dungeon (5/15)             Temple (1/1) D:5

Altars:
Dithmenos
Elyvilon
Fedhas
Gozag
Makhleb
Qazlal
Ru
Trog
Uskayaw
Vehumet
Wu Jian
Xom

Shops:
D:4 [


Innate Abilities, Weirdness & Mutations

You are completely covered in rugged brown scales. (AC +3, +7% HP)
You have supernaturally acute eyesight. (SInv)
Armour fits poorly on your strangely shaped body.
You can roll at nearby foes to attack.
You have a long armoured tail.
You curl defensively after being hit. (AC +7*)
You are partially covered in iridescent scales. (AC +2)
You are agile. (Dex +2)


Message History

You throw a poisoned dart. The poisoned dart hits the gnoll.
The gnoll is lightly wounded.
The gnoll looks more healthy.
The gnoll hits you with a +1 halberd of venom!
You are poisoned.
You hit the gnoll.
Your tail-slap misses the gnoll.
The gnoll is moderately wounded.
You feel very sick. The gnoll barely misses you.
You closely miss the gnoll.
The gnoll is moderately wounded.
You feel sick. The gnoll barely misses you.
The gnoll hits you but does no damage.
You are more poisoned.
You hit the gnoll.
The gnoll is heavily wounded.
You feel very sick.
The gnoll hits you with a +1 halberd of venom!
You are more poisoned.
You hit the gnoll.
The gnoll is almost dead.
* * * LOW HITPOINT WARNING * * *
You feel extremely sick.
The gnoll hits you with a +1 halberd of venom!
* * * LOW HITPOINT WARNING * * *
You are more poisoned.
You hit the gnoll.
You kill the gnoll!
* * * LOW HITPOINT WARNING * * *
You feel extremely sick.
Unknown command.
It was a potion of flight.
You feel very buoyant.
You fly up into the air.
* * * LOW HITPOINT WARNING * * *
You feel very sick.
It was a potion of mutation.
You feel extremely strange.
You feel agile.
Iridescent scales grow over part of your body.
You die...

........................
..............##.........
......##......##.........
...... #......##....#####
#.... #.....###......
#....##.....##........
#...........##........
#.................## .
#......@)....((..(.. ..
#........#...........g.
#...#.<...#.....###...##
#.. #.....#...>.###.....
# #........#..........
####.....#..........
#.....##.........
#................
#................


There were no monsters in sight!

Vanquished Creatures
  A necrophage (D:5)
  2 ogres
  A bullfrog (D:3)
  A wyvern zombie (D:5)
  A scorpion (D:5)
  A crimson imp (D:3)
  A hound (D:4)
  A gnoll shaman (D:4)
  A bullfrog skeleton (D:4)
  A centaur skeleton (D:4)
  An iguana (D:5)
  Robin (D:4)
  2 adders
  5 gnolls
  A shadow imp (D:4)
  An adder skeleton (D:4)
  A worm (D:4)
  4 orcs
  7 ball pythons
  4 bats
  6 endoplasms
  A giant cockroach (D:3)
  17 goblins
  12 hobgoblins
  2 jackals (D:2)
  7 quokkas
  4 frilled lizards
  8 kobolds
  6 rats
101 creatures vanquished.

Vanquished Creatures (others)
  A fungus (D:4)
1 creature vanquished.

Grand Total: 102 creatures vanquished

Notes
Turn   | Place    | Note
-------+----------+-------------------------------------------
     0 | D:1      | KamiKatze the Palentonga Fighter began the quest for the
                  | Orb.
     0 | D:1      | Reached XP level 1. HP: 19/19 MP: 1/1
   242 | D:1      | Reached XP level 2. HP: 23/25 MP: 2/2
   644 | D:2      | Reached skill level 3 in Axes
   644 | D:2      | Reached XP level 3. HP: 18/31 MP: 3/3
  1338 | D:2      | Found a faded altar of an unknown god.
  1487 | D:3      | Reached XP level 4. HP: 37/37 MP: 4/4
  1827 | D:3      | Noticed a bullfrog
  1834 | D:3      | Killed a bullfrog
  1857 | D:3      | Reached XP level 5. HP: 36/44 MP: 5/5
  1938 | D:3      | Noticed an ogre
  1941 | D:3      | Reached skill level 4 in Axes
  2207 | D:3      | Found a burning altar of Makhleb.
  2208 | D:3      | Found a radiant altar of Vehumet.
  2342 | D:3      | Learned a level 2 spell: Blink
  2705 | D:4      | Found a white marble altar of Elyvilon.
  2795 | D:4      | Noticed Robin
  2804 | D:4      | Reached XP level 6. HP: 42/51 MP: 6/6
  2818 | D:4      | Killed Robin
  3184 | D:4      | Found Uclarph's Armour Shoppe.
  3513 | D:5      | Entered Level 5 of the Dungeon
  3523 | D:4      | Reached skill level 5 in Axes
  4099 | D:5      | Gained mutation: You curl defensively after being hit. (AC
                  | +7*) [Palentonga growth]
  4099 | D:5      | Reached XP level 7. HP: 42/58 MP: 5/7
  4139 | D:5      | Found a staircase to the Ecumenical Temple.
  4207 | Temple   | Entered the Ecumenical Temple
  4351 | D:3      | Reached skill level 5 in Fighting
  4351 | D:3      | Reached skill level 6 in Axes
  4560 | D:5      | Gained mutation: You are agile. (Dex +2) [potion of
                  | mutation]
  4560 | D:5      | Gained mutation: You are partially covered in iridescent
                  | scales. (AC +2) [potion of mutation]
  4560 | D:5      | Succumbed to a gnoll's poison

Illustrated notes

Levels and vault maps discovered:
D:1:      minmay_arrival_four_houses, layout_loops_cross
D:2:      layout_rooms, ebering_ecumenical_altar_hall, cheibrodos_gnoll_hut
D:3:      layout_loops_ring, grunt_temple_overflow_lords_of_destruction
D:4:      nicolae_cairo_tiling_large, layout_cave_pods, elyvilon_altar_1,
          serial_shops, kennysheep_mini, kennysheep_another_room,
          minmay_strange_pillars, uniq_robin
D:5:      layout_basic, temple_pool_b
Temple:   compressed_dpeg_triangle_lava_temple

Skill      XL: |  1  2  3  4  5  6  7 |
---------------+----------------------+-----
Axes           | 3 4 5 6 |  6.2
Shields        | 3 4 |  4.2
Fighting       | 4 5 |  5.1
Armour         | |  2.4

Action                   |  1- 3 |  4- 6 |  7- 9 || total
-------------------------+-------+-------+-------++-------
Melee: War axe           |   107 |   145 |    20 ||   272
       Tailslap          |     7 |    11 |     3 ||    21
Throw: Stone             |     3 |       |       ||     3
       Dart              |       |     4 |     4 ||     8
 Abil: Rolling Charge    |       |       |     1 ||     1
  Use: Potion            |       |       |     2 ||     2
Armor: Scale mail        |    76 |    98 |     2 ||   176
Dodge: Dodged            |    47 |    48 |     6 ||   101
Block: Buckler           |    21 |    25 |     2 ||    48
